 Dungeon Crawl Stone Soup version 0.30.0-29-ga12c61a403 (webtiles) character file.

Game seed: 4507099225491077561

30 cheesebisquit the Chiller (level 3, -1/24 HPs)
             Began as a Merfolk Ice Elementalist on June 16, 2023.
             Slain by a ball python (3 damage)
             ... on level 2 of the Dungeon.
             The game lasted 00:02:32 (910 turns).

cheesebisquit the Chiller (Merfolk Ice Elementalist) Turns: 910, Time: 00:02:32

Health: -1/24      AC:  3    Str:  8    XL:     3   Next: 20%
Magic:  1/7        EV: 12    Int: 16    God:
Gold:   40         SH:  0    Dex: 14    Spells: 6/7 levels left

rFire   . . .        f - +0 whip
rCold   . . .        (no shield)
rNeg    . . .        a - +0 robe
rPois   .            (no helmet)
rElec   .            e - +0 cloak
rCorr   .            (no gloves)
SInv    .            (no boots)
Will    .....        (no amulet)
Stlth   ++           (no ring)
HPRegen 0.24/turn    (no ring)
MPRegen 0.10/turn

%: no passive effects
@: very slightly contaminated
A: (nimble swimmer 2), mertail
a: no special abilities


You were on level 2 of the Dungeon.
You visited 1 branch of the dungeon, and saw 2 of its levels.

You collected 40 gold pieces.

Inventory:

Hand Weapons
 f - a +0 whip (weapon)
Armour
 a - a +0 robe (worn)
 e - a +0 cloak (worn)
Scrolls
 c - a scroll of enchant armour {unknown}
 d - 2 scrolls of identify {unknown}


   Skills:
 - Level 2.6 Dodging
 - Level 2.1 Stealth
 + Level 2.7 Spellcasting
 + Level 5.0 Ice Magic


You had 6 spell levels left.
You knew the following spells:

 Your Spells              Type           Power      Damage    Failure   Level
a - Freeze                Ice            72%        1d8       2%          1

Your spell library contained the following spells:

 Spells                   Type           Power      Damage    Failure   Level
 Frozen Ramparts          Ice            36%        1d6       8%          3
 Ozocubu's Armour         Ice            18%        N/A       8%          3
 Hailstorm                Conj/Ice       10%        3d5       21%         3
 Volatile Blastmotes      Fire/Tloc      4%         2d10      50%         3
 Summon Ice Beast         Ice/Summ       10%        N/A       56%         4
 Iron Shot                Conj/Erth      1%         9d1       100%        6
 Spellforged Servitor     Conj/Summ      1%         N/A       100%        7


Dungeon Overview and Level Annotations

Branches:
Dungeon (2/15)

Altars:


Innate Abilities, Weirdness & Mutations

((You are very nimble when in or above water. (Stealth+, EV+, Speed+++)))
Your lower body shifts to a powerful aquatic tail in water.


Message History

Aiming: Freeze (safe; 3% risk of failure)
Press: ? - help, Q - select action Shift-Dir - straight line, f/p - adder
Aim: an adder (heavily wounded)
You freeze the adder.
The adder is heavily wounded.
You feel sick. The adder completely misses you.
Magic courses through your body.
You feel sick. The adder bites you.
* * * LOW HITPOINT WARNING * * *
Aiming: Freeze (safe; 3% risk of failure)
Press: ? - help, Q - select action Shift-Dir - straight line, f/p - adder
Aim: an adder (heavily wounded)
You miscast Freeze.
Nothing appears to happen.
You feel sick.
You are no longer poisoned.
The adder bites you.
* * * LOW HITPOINT WARNING * * *
The adder closely misses you.
Aiming: Freeze (safe; 3% risk of failure)
Press: ? - help, Q - select action Shift-Dir - straight line, f/p - adder
Aim: an adder (heavily wounded)
You freeze the adder.
The adder is almost dead.
The adder seems to slow down.
Aiming: Freeze (safe; 3% risk of failure)
Press: ? - help, Q - select action Shift-Dir - straight line, f/p - adder
Aim: an adder (almost dead, slow)
You freeze the adder.
You kill the adder!
Your Ice Magic skill increases to level 5!
You have reached level 3!
Your experience leads to an increase in your attributes!
Increase (S)trength, (I)ntelligence, or (D)exterity?
You feel clever. x2
Aiming: Freeze (safe; 2% risk of failure)
Press: ? - help, Q - select action Shift-Dir - straight line, f - ball python
Aim: a ball python You freeze the ball python.
The ball python is severely wounded.
The ball python bites you.
You die...

## ##.## # ##.#.##.##
##.?.(.#..# #.)
#.#)#.#.#.## #.#
#.rr$.##..# #.#
#S#.##...# ### #.# #.
##@##..#.# #.# #.#
#..##......####.# #.#
#.......#...##.###.#
.......+...+...'.>†...#
.###.###...#...##.####.
#. #...#...##.##<#. #
#####...##....#.
#...##......
#...##..###.


You could see a ball python and 2 rats.

Vanquished Creatures
  An adder (D:2)
  A dart slug (D:1)
  4 ball pythons
  2 endoplasms (D:1)
  A giant cockroach (D:2)
  3 hobgoblins
  A quokka (D:1)
  2 frilled lizards (D:1)
  A goblin (D:1)
  2 kobolds (D:1)
  2 rats
20 creatures vanquished.

Notes
Turn   | Place    | Note
-------+----------+-------------------------------------------
     0 | D:1      | cheesebisquit the Merfolk Ice Elementalist began the quest
                  | for the Orb.
     0 | D:1      | Reached XP level 1. HP: 13/13 MP: 3/3
   267 | D:1      | Reached XP level 2. HP: 11/19 MP: 0/5
   720 | D:1      | Got the Guide on Injurious Places
   910 | D:2      | Reached skill level 5 in Ice Magic
   910 | D:2      | Reached XP level 3. HP: 2/24 MP: 2/7
   910 | D:2      | Slain by a ball python

Illustrated notes

Levels and vault maps discovered:
D:1:      onia_arrival_pentagram, layout_loops_ring, minmay_misc_feat_rows
D:2:      layout_basic, minmay_heptomino_w4, uniq_crazy_yiuf_cottage

Skill      XL: |  1  2 |
---------------+-------+-----
Ice Magic      | 5 |  5.0
Dodging        | |  2.6
Stealth        | |  2.1
Spellcasting   | |  2.7

Action                     || total
---------------------------++-------
  Melee: Unarmed           ||    14
         Whip              ||     4
   Cast: Freeze            ||    32
    Use: Potion            ||     1
 Armour: Robe              ||     7
  Dodge: Dodged            ||    22
